 Dungeon Crawl Stone Soup version 0.26-a0-752-gcff87cac9a (webtiles) character file.

Game seed: 8651345789190241286

12940 robertstho the Thaumaturge (level 12, -2/89 HPs)
             Began as a Gnoll Fire Elementalist on Nov 6, 2020.
             Was a Believer of Sif Muna.
             Slain by a skeletal warrior
             ... wielding a +0 glaive
             ... led by a skeletal warrior
              (22 damage)
             ... on level 11 of the Dungeon.
             The game lasted 00:26:53 (13680 turns).

robertstho the Thaumaturge (GnFE)                  Turns: 13680, Time: 00:26:54

Health: -2/89      AC:  9    Str: 17    XL:     12   Next: 0%
Magic:  13/24      EV: 18    Int: 25    God:    Sif Muna [**....]
Gold:   508        SH:  0    Dex: 16    Spells: 15/28 levels left

rFire    + . .     SeeInvis .   f - +3 dagger (elec)
rCold    . . .     Faith    .   (no shield)
rNeg     . . .     Spirit   .   I - +2 robe {rC+}
rPois    .         Reflect  .   s - +1 helmet {Int+3}
rElec    .         Harm     .   (no cloak)
rCorr    .         Rampage  .   t - +1 pair of gloves of Mudom {Regen+}
MR       .....                  (no boots)
Stlth    ++++......             (no amulet)
HPRegen  0.64/turn              A - ring of fire
MPRegen  0.19/turn              k - +6 ring of strength

@: about to teleport
A: distributed training, fangs 1, strong nose
a: Channel Magic, Renounce Religion


You were on level 11 of the Dungeon.
You worshipped Sif Muna.
Sif Muna was pleased with you.
You visited 2 branches of the dungeon, and saw 12 of its levels.

You collected 732 gold pieces.
You spent 224 gold pieces at shops.

Inventory:

Hand Weapons
 f - a +3 dagger of electrocution (weapon)
 C - a +2 vorpal spear
 F - the +3 arbalest "Lorem Ipsum" {elec, *Slow +Blink rElec rN++, unknown}
   (You found it on level 10 of the Dungeon)

   It charges the ammunition it shoots with electricity; occasionally upon a
   hit, such missiles may discharge and cause terrible harm.
   It insulates you from electricity.
   It greatly protects you from negative energy.
   It lets you blink.
   It may slow you when you take damage.
Missiles
 b - 54 poisoned darts (quivered)
Armour
 o - the -3 buckler "Hero's Friend" {rElec Str+3 Int+3}
   (You found it on level 5 of the Dungeon)

   It affects your strength (+3).
   It affects your intelligence (+3).
   It insulates you from electricity.
 s - a +1 helmet of intelligence (worn)
 t - the +1 pair of gloves of Mudom (worn) {Regen+}
   (You found it on level 4 of the Dungeon)

   It increases your rate of regeneration.
 I - a +2 robe of cold resistance (worn)
Jewellery
 k - a +6 ring of strength (right hand)
 A - a ring of fire (left hand)
Wands
 x - a wand of random effects (24)
 y - a wand of acid (4)
 z - a wand of paralysis (21)
 J - a wand of flame (15)
 K - a wand of iceblast (7)
Scrolls
 a - a scroll of noise {unknown}
 c - 3 scrolls of teleportation
 d - 7 scrolls of identify {unknown}
 l - 3 scrolls of magic mapping
 n - 7 scrolls of remove curse
 B - 3 scrolls of enchant armour
 D - 2 scrolls of fear {unknown}
 E - 3 scrolls of silence {unknown}
 G - a scroll of torment {unknown}
Potions
 e - 5 potions of curing
 h - 3 potions of attraction {unknown}
 i - 2 potions of degeneration {unknown}
 j - a potion of invisibility {unknown}
 m - 3 potions of flight {unknown}
 p - a potion of mutation {unknown}
 r - 2 potions of brilliance {unknown}
 u - 4 potions of lignification {unknown}
 v - a potion of berserk rage
 w - a potion of magic
 H - a potion of cancellation {unknown}


   Skills:
 + Level 6.8 Fighting
 + Level 6.8 Short Blades
 + Level 6.8 Long Blades
 + Level 6.8 Axes
 + Level 6.8 Maces & Flails
 + Level 6.8 Polearms
 + Level 6.8 Staves
 + Level 6.8 Slings
 + Level 6.8 Bows
 + Level 6.8 Crossbows
 + Level 6.8 Throwing
 + Level 6.8 Armour
 + Level 8.3 Dodging
 + Level 8.1 Stealth
 + Level 6.8 Shields
 + Level 6.8 Unarmed Combat
 + Level 8.5 Spellcasting
 + Level 6.1 Conjurations
 + Level 5.6 Hexes
 + Level 5.6 Summonings
 + Level 5.6 Necromancy
 + Level 5.6 Translocations
 + Level 5.6 Transmutations
 + Level 8.0 Fire Magic
 + Level 5.6 Ice Magic
 + Level 5.6 Air Magic
 + Level 5.6 Earth Magic
 + Level 5.6 Poison Magic
 + Level 7.5 Invocations
 + Level 6.8 Evocations


You had 15 spell levels left.
You knew the following spells:

 Your Spells              Type           Power        Failure   Level
a - Foxfire               Conj/Fire      ####         1%          1
b - Conjure Flame         Conj/Fire      ######..     1%          3
c - Sticky Flame          Conj/Fire      ######..     3%          4
d - Fireball              Conj/Fire      ######....   9%          5

Your spell library contained the following spells:

 Spells                   Type           Power        Failure   Level
 Animate Skeleton         Necr           #####.       1%          1
 Apportation              Tloc           #####.       1%          1
 Corona                   Hex            #####..      1%          1
 Pain                     Necr           ####         1%          1
 Shock                    Conj/Air       ####         1%          1
 Summon Small Mammal      Summ           ####         1%          1
 Call Imp                 Summ           #####...     1%          2
 Swiftness                Air            #####...     1%          2
 Call Canine Familiar     Summ           #####...     1%          3
 Inner Flame              Hex/Fire       ######..     1%          3
 Static Discharge         Conj/Air       #####...     1%          3
 Summon Guardian Golem    Hex/Summ       #####...     1%          3
 Vampiric Draining        Necr           #####.....   1%          3
 Airstrike                Air            #####.....   5%          4
 Animate Dead             Necr           #####.....   5%          4
 Summon Ice Beast         Ice/Summ       #####...     5%          4
 Summon Lightning Spire   Summ/Air       #####...     5%          4
 Lightning Bolt           Conj/Air       #####.....   14%         5
 Agony                    Necr           #####...     16%         5


Dungeon Overview and Level Annotations

Branches:
Dungeon (11/15)            Temple (1/1) D:7             Orc (0/2) D:9
   Lair: D:8-11

Altars:
Gozag
Makhleb
Nemelex Xobeh
Okawaru
Qazlal
Ru
Sif Muna
Trog
Uskayaw
Vehumet
Wu Jian
Yredelemnul
The Shining One

Shops:
D:4 !

Annotations:
D:3 3 runed translucent doors, Demosthentine's ghost, amateur FoFi
D:10 Need flight to finish level


Innate Abilities, Weirdness & Mutations

Your experience applies equally to all skills.
You have very sharp teeth.
Your uncanny sense of smell can sniff out nearby items.


Message History

The skeletal warrior burns! x2
The skeletal warrior hits you from afar with a +0 glaive.
The skeletal warrior hits you with a +0 glaive.
* * * LOW HITPOINT WARNING * * *
The skeletal warrior hits you with a +0 scimitar!
* * * LOW HITPOINT WARNING * * *
You feel much better.
The skeletal warrior burns! x2
The skeletal warrior hits you from afar with a +0 glaive.
The skeletal warrior hits you but does no damage.
As you read the scroll of teleportation, it crumbles to dust.
You feel strangely unstable.
The skeletal warrior burns! x2
The skeletal warrior closely misses you.
Okay, then.
Drop what? 36/52 slots (_ for help) (? for menu, Esc to quit)
You drop a scroll of amnesia.
The skeletal warrior burns! x2
The skeletal warrior stops burning.
The skeletal warrior hits you from afar with a +0 glaive!
* * * LOW HITPOINT WARNING * * *
The skeletal warrior hits you with a +0 glaive!!
You die...

#......... #..[......
####...<.....
#.......)....
#.#######)###
#>...........
########.###
#################.#..
#..z@zzzo.....o......
#################....
#.... ##... #... #...
#......... #.........
#.........


You could see 4 skeletal warriors and an orc.

Vanquished Creatures
  Erolcha (D:10)
  A two-headed ogre (D:9)
  An unseen horror (D:11)
  4 skeletal warriors
  Pikel (D:4)
  A wolf spider (D:10)
  Joseph (D:8)
  A troll (D:10)
  Grinder (D:5)
  A shadow (D:8)
  A wyvern (D:8)
  6 yaks (D:10)
  A steam dragon (D:10)
  2 wargs (D:9)
  Edmund (D:4)
  2 water moccasins
  2 sky beasts
  4 ice beasts
  5 black bears
  4 orc warriors
  5 ogres
  2 centaurs (D:9)
  A big kobold (D:10)
  6 bullfrogs
  A gnoll sergeant (D:8)
  3 scorpions
  5 killer bees (D:10)
  A howler monkey (D:10)
  12 wights
  2 bullfrog zombies
  A quasit (D:10)
  3 centaur skeletons
  3 jellies
  4 orc priests
  7 hounds
  5 orc wizards
  3 iguanas
  5 worker ants
  A killer bee zombie (D:8)
  3 hound skeletons
  A worker ant zombie (D:10)
  Robin (D:4)
  8 gnolls
  A howler monkey skeleton (D:6)
  17 adders
  4 shadow imps
  5 white imps
  3 ufetubi
  An adder zombie (D:9)
  An adder skeleton (D:3)
  2 worms (D:3)
  3 dart slugs
  5 leopard geckos
  24 orcs
  2 giant cockroaches (D:1)
  16 goblins
  14 hobgoblins
  5 jackals
  13 kobolds
  9 quokkas
  2 ball pythons (D:2)
  3 bats
  2 frilled lizards
  2 jackal zombies
  A leopard gecko skeleton (D:5)
  2 quokka skeletons
  8 rats
269 creatures vanquished.

Vanquished Creatures (others)
  Fannar (D:11)
  1027 foxfires
  13 fungi (D:11)
  24 plants (D:11)
1065 creatures vanquished.

Grand Total: 1334 creatures vanquished

Notes
Turn   | Place    | Note
-------+----------+-------------------------------------------
     0 | D:1      | robertstho the Gnoll Fire Elementalist began the quest for
                  | the Orb.
     0 | D:1      | Reached XP level 1. HP: 13/13 MP: 6/6
   254 | D:1      | Reached XP level 2. HP: 20/20 MP: 1/7
   303 | D:1      | Reached XP level 3. HP: 21/25 MP: 0/9
   390 | D:1      | Learned a level 3 spell: Conjure Flame
   427 | D:1      | Reached skill level 5 in Spellcasting
   659 | D:1      | Reached skill level 1 in Invocations
  1068 | D:2      | Reached skill level 1 in Fighting
  1068 | D:2      | Reached skill level 1 in Short Blades
  1068 | D:2      | Reached skill level 1 in Long Blades
  1068 | D:2      | Reached skill level 1 in Axes
  1068 | D:2      | Reached skill level 1 in Maces & Flails
  1068 | D:2      | Reached skill level 1 in Polearms
  1068 | D:2      | Reached skill level 1 in Staves
  1068 | D:2      | Reached skill level 1 in Slings
  1068 | D:2      | Reached skill level 1 in Bows
  1068 | D:2      | Reached skill level 1 in Crossbows
  1068 | D:2      | Reached skill level 1 in Throwing
  1068 | D:2      | Reached skill level 1 in Armour
  1068 | D:2      | Reached skill level 1 in Shields
  1068 | D:2      | Reached skill level 1 in Unarmed Combat
  1068 | D:2      | Reached skill level 1 in Evocations
  1142 | D:2      | Reached XP level 4. HP: 32/32 MP: 4/11
  1409 | D:2      | Reached skill level 1 in Hexes
  1409 | D:2      | Reached skill level 1 in Summonings
  1409 | D:2      | Reached skill level 1 in Necromancy
  1409 | D:2      | Reached skill level 1 in Translocations
  1409 | D:2      | Reached skill level 1 in Transmutations
  1409 | D:2      | Reached skill level 1 in Ice Magic
  1409 | D:2      | Reached skill level 1 in Air Magic
  1409 | D:2      | Reached skill level 1 in Earth Magic
  1409 | D:2      | Reached skill level 1 in Poison Magic
  1631 | D:2      | Reached XP level 5. HP: 37/37 MP: 7/12
  2153 | D:3      | Found a runed translucent gate.
  2153 | D:3      | Noticed a big kobold
  2154 | D:3      | Found a runed translucent gate.
  2154 | D:3      | Found a runed translucent gate.
  2154 | D:3      | Noticed Demosthentine's ghost (amateur FoFi)
  2154 | D:3      | Identified the +7 short sword of the Crypt {chaos, rElec}
  2643 | D:3      | Reached XP level 6. HP: 44/44 MP: 9/13
  3201 | D:4      | Noticed Robin
  3385 | D:4      | Identified the -4 kite shield of Tomorrow {Stlth+}
  3389 | D:4      | Killed Robin
  3403 | D:4      | Reached skill level 5 in Dodging
  3571 | D:4      | Got a pair of translucent gloves
  3576 | D:4      | Identified the +1 pair of gloves of Mudom {Regen+} (You
                  | found it on level 4 of the Dungeon)
  3773 | D:4      | Noticed Pikel
  3782 | D:4      | Killed Pikel
  3782 | D:4      | Reached skill level 5 in Stealth
  3782 | D:4      | Reached XP level 7. HP: 51/51 MP: 8/15
  3800 | D:4      | Noticed Edmund
  3816 | D:4      | Killed Edmund
  3816 | D:4      | Reached XP level 8. HP: 43/58 MP: 2/16
  4055 | D:4      | Found an ornate altar of the Wu Jian Council.
  4263 | D:4      | Found Sorir's Distillery.
  4271 | D:4      | Bought a potion of berserk rage for 70 gold pieces
  4271 | D:4      | Bought a potion of magic for 112 gold pieces
  4271 | D:4      | Bought a potion of curing for 42 gold pieces
  4467 | D:5      | Entered Level 5 of the Dungeon
  4475 | D:5      | Noticed Grinder
  4482 | D:5      | Learned a level 4 spell: Sticky Flame
  4491 | D:5      | Learned a level 5 spell: Fireball
  4507 | D:5      | Paralysed by Grinder for 5 turns
  4513 | D:5      | Killed Grinder
  4843 | D:5      | Found an opulent altar of Gozag.
  4850 | D:5      | Found an iron altar of Okawaru.
  4919 | D:5      | Got a smoking buckler
  4924 | D:5      | Identified the -3 buckler "Hero's Friend" {rElec Str+3
                  | Int+3} (You found it on level 5 of the Dungeon)
  5772 | D:6      | Reached XP level 9. HP: 65/65 MP: 4/18
  6413 | D:6      | Found a basalt altar of Yredelemnul.
  6811 | D:7      | Found a hide-covered altar of Uskayaw.
  7315 | D:7      | Found a staircase to the Ecumenical Temple.
  7608 | D:8      | Noticed Joseph
  7621 | D:8      | Killed Joseph
  7621 | D:8      | Reached skill level 5 in Invocations
  8279 | D:8      | Reached XP level 10. HP: 73/73 MP: 16/20
  8514 | D:8      | Reached skill level 5 in Fighting
  8514 | D:8      | Reached skill level 5 in Short Blades
  8514 | D:8      | Reached skill level 5 in Long Blades
  8514 | D:8      | Reached skill level 5 in Axes
  8514 | D:8      | Reached skill level 5 in Maces & Flails
  8514 | D:8      | Reached skill level 5 in Polearms
  8514 | D:8      | Reached skill level 5 in Staves
  8514 | D:8      | Reached skill level 5 in Slings
  8514 | D:8      | Reached skill level 5 in Bows
  8514 | D:8      | Reached skill level 5 in Crossbows
  8514 | D:8      | Reached skill level 5 in Throwing
  8514 | D:8      | Reached skill level 5 in Armour
  8514 | D:8      | Reached skill level 5 in Shields
  8514 | D:8      | Reached skill level 5 in Unarmed Combat
  8514 | D:8      | Reached skill level 5 in Evocations
  8771 | Temple   | Entered the Ecumenical Temple
  8798 | Temple   | Became a worshipper of Sif Muna the Loreminder
  9331 | D:9      | Found a sacrificial altar of Ru.
  9880 | D:9      | Noticed a two-headed ogre
  9893 | D:9      | Killed a two-headed ogre
  9893 | D:9      | Reached * piety under Sif Muna
  9893 | D:9      | Reached skill level 5 in Conjurations
 10238 | D:9      | Found a staircase to the Orcish Mines.
 10535 | D:10     | Entered Level 10 of the Dungeon
 10918 | D:10     | Noticed Erolcha
 10953 | D:10     | Killed Erolcha
 10953 | D:10     | Reached XP level 11. HP: 43/81 MP: 20/22
 11196 | D:10     | Got a bloodstained arbalest
 11280 | D:10     | Reached skill level 5 in Hexes
 11280 | D:10     | Reached skill level 5 in Summonings
 11280 | D:10     | Reached skill level 5 in Necromancy
 11280 | D:10     | Reached skill level 5 in Translocations
 11280 | D:10     | Reached skill level 5 in Transmutations
 11280 | D:10     | Reached skill level 5 in Ice Magic
 11280 | D:10     | Reached skill level 5 in Air Magic
 11280 | D:10     | Reached skill level 5 in Earth Magic
 11280 | D:10     | Reached skill level 5 in Poison Magic
 11566 | D:10     | Reached ** piety under Sif Muna
 11999 | D:10     | Identified the cursed +0 scale mail of Rationality {Str+7}
 12000 | D:10     | Noticed a wolf spider
 12737 | D:10     | Killed a wolf spider
 12872 | D:11     | Noticed Fannar
 12886 | D:11     | Killed Fannar
 13059 | D:11     | Noticed a skeletal warrior
 13060 | D:11     | Noticed a skeletal warrior
 13061 | D:11     | Noticed a skeletal warrior
 13232 | D:11     | Killed a skeletal warrior
 13233 | D:11     | Killed a skeletal warrior
 13240 | D:11     | Killed a skeletal warrior
 13515 | D:11     | Noticed an unseen horror
 13520 | D:11     | Killed an unseen horror
 13525 | D:11     | Noticed a skeletal warrior
 13535 | D:11     | Noticed a skeletal warrior
 13551 | D:11     | Noticed a skeletal warrior
 13578 | D:11     | Noticed a skeletal warrior
 13590 | D:11     | Noticed a skeletal warrior
 13601 | D:10     | Killed a skeletal warrior
 13601 | D:10     | Reached XP level 12. HP: 45/89 MP: 12/24
 13680 | D:11     | Slain by a skeletal warrior

Illustrated notes

Levels and vault maps discovered:
D:1:      heliophobic_arrival_glass_houses, layout_rooms
D:2:      layout_basic
D:3:      layout_basic, gammafunk_ghost_nasty_kobolds
D:4:      layout_loops_ring, kennysheep_mini, serial_shops, shop, uniq_pikel,
          uniq_robin, uniq_edmund
D:5:      layout_loops_ring, nicolae_overflow_hidden_temple, uniq_grinder
D:6:      layout_basic, lemuel_coloured_pillars_altar, lemuel_statue_altar
D:7:      layout_basic, lemuel_crystal_altar, minmay_temple_entry_poolview
D:8:      layout_loops_ring, grunt_decor_arrowhead, uniq_joseph
D:9:      layout_stronghold, nicolae_ru_sacrificial_ziggurat, david_orc_1_choice
D:10:     layout_roguey, evilmike_minifort, uniq_erolcha
D:11:     layout_basic, grunt_lair_entry_orc_guard_hut,
          ebering_ghost_inner_flame, uniq_fannar
Temple:   eino_temple_scatter_basement

Skill      XL: |  1  2  3  4  5  6  7  8  9 10 11 |
---------------+----------------------------------+-----
Conjurations   | 2 3 4 5 6 |  6.1
Spellcasting   | 5 6 7 8 |  8.5
Invocations    | 1 3 4 5 6 7 |  7.5
Fighting       | 1 2 3 4 5 6 |  6.8
Short Blades   | 1 2 3 4 5 6 |  6.8
Long Blades    | 1 2 3 4 5 6 |  6.8
Axes           | 1 2 3 4 5 6 |  6.8
Maces & Flails | 1 2 3 4 5 6 |  6.8
Polearms       | 1 2 3 4 5 6 |  6.8
Staves         | 1 2 3 4 5 6 |  6.8
Slings         | 1 2 3 4 5 6 |  6.8
Bows           | 1 2 3 4 5 6 |  6.8
Crossbows      | 1 2 3 4 5 6 |  6.8
Throwing       | 1 2 3 4 5 6 |  6.8
Armour         | 1 2 3 4 5 6 |  6.8
Shields        | 1 2 3 4 5 6 |  6.8
Unarmed Combat | 1 2 3 4 5 6 |  6.8
Evocations     | 1 2 3 4 5 6 |  6.8
Hexes          | 1 2 3 4 5 |  5.6
Summonings     | 1 2 3 4 5 |  5.6
Necromancy     | 1 2 3 4 5 |  5.6
Translocations | 1 2 3 4 5 |  5.6
Transmutations | 1 2 3 4 5 |  5.6
Ice Magic      | 1 2 3 4 5 |  5.6
Air Magic      | 1 2 3 4 5 |  5.6
Earth Magic    | 1 2 3 4 5 |  5.6
Poison Magic   | 1 2 3 4 5 |  5.6
Dodging        | 5 6 7 8 |  8.3
Stealth        | 5 6 7 8 |  8.1
Fire Magic     | 6 7 8 |  8.0

Action                   |  1- 3 |  4- 6 |  7- 9 | 10-12 || total
-------------------------+-------+-------+-------+-------++-------
Melee: Spear             |    14 |       |       |       ||    14
       Dagger            |     4 |     6 |    40 |    87 ||   137
       Bite              |       |       |     5 |     6 ||    11
       Punch             |       |       |     4 |     5 ||     9
 Cast: Foxfire           |    61 |   171 |   239 |   194 ||   665
       Sticky Flame      |       |       |     9 |    46 ||    55
       Fireball          |       |       |       |    49 ||    49
Invok: Channel Magic     |       |       |       |     3 ||     3
  Use: Scroll            |       |       |     8 |     1 ||     9
       Potion            |       |       |     1 |     3 ||     4
 Stab: Sleeping          |     1 |       |     1 |     1 ||     3
Armor: Robe              |     2 |    10 |    12 |    26 ||    50
Dodge: Dodged            |    17 |    43 |    66 |   117 ||   243

Table legend: (Time is in decaauts)
 A = Elapsed time spent in this place.
 B = Non-inter-level travel time spent in this place.
 C = Inter-level travel time spent in this place.
 D = Time resting spent in this place.
 E = Time spent auto-exploring this place.
 F = Levels seen in this place.
 G = Mean time per level.
                   A        B        C        D        E       F      G
               +--------+--------+--------+--------+--------+-----+--------+
         Total |  13661 |  13321 |    340 |   1849 |   9543 |  12 | 1138.4 |
       Dungeon |  13621 |  13307 |    314 |   1849 |   9530 |  11 | 1238.3 |
        Temple |     40 |     14 |     26 |      0 |     13 |   1 |   40.0 |
               +--------+--------+--------+--------+--------+-----+--------+

Top non-repeatable levels by time:
    D:10: 2565 daAuts
     D:9: 1687 daAuts
     D:2: 1242 daAuts
     D:8: 1242 daAuts
     D:4: 1208 daAuts
     D:3: 1104 daAuts
     D:5: 1090 daAuts
     D:7: 1080 daAuts
     D:6: 912 daAuts
     D:1: 909 daAuts
    D:11: 577 daAuts
  Temple: 40 daAuts
